 Dungeon Crawl Stone Soup version 0.29.0-4-gdea44cf6ec (webtiles) character file.

Game seed: 3979158940655711922

38 qw the Chopper (level 3, -4/21 HPs)
             Began as a Tengu Warper on Aug 28, 2022.
             Slain by a gnoll
             ... wielding a +0 club
              (5 damage)
             ... on level 2 of the Dungeon.
             The game lasted 00:00:06 (1380 turns).

qw the Chopper (Tengu Warper)                       Turns: 1380, Time: 00:00:07

Health: -4/21      AC:  4    Str: 13    XL:     3   Next: 43%
Magic:  7/7        EV: 12    Int: 13    God:
Gold:   76         SH:  0    Dex: 13    Spells: 6/6 levels left

rFire   . . .      SeeInvis .   Y - +0 hand axe (vorpal)
rCold   . . .      Faith    .   (no shield)
rNeg    . . .      Spirit   .   b - +0 leather armour
rPois   .          Reflect  .   (helmet restricted)
rElec   .          Harm     .   (no cloak)
rCorr   .          Rampage  .   a - +0 pair of gloves {Stlth+}
Will    .....                   (boots unavailable)
Stlth   ++........              (no amulet)
HPRegen 0.07/turn               (no ring)
MPRegen 0.10/turn               (no ring)

@: no status effects
A: beak, talons 3
a: no special abilities


You were on level 2 of the Dungeon.
You visited 1 branch of the dungeon, and saw 2 of its levels.

You collected 76 gold pieces.


Innate Abilities, Weirdness & Mutations

You have a beak for a mouth.
You have claws for feet.


   Skills:
 - Level 2.0 Fighting
 + Level 4.1 Axes
 - Level 1.0 Throwing
 - Level 1.1 Armour
 - Level 2.1 Dodging
 - Level 2.0 Spellcasting
 - Level 2.4 Translocations


You had 6 spell levels left.
You didn't know any spells.
Your spell library contained the following spells:

 Spells                   Type           Power      Damage    Failure   Level
 Blink                    Tloc           14%        N/A       19%         2
 Gell's Gravitas          Tloc           7%         N/A       36%         3
 Lesser Beckoning         Tloc           7%         N/A       36%         3
 Teleport Other           Tloc           7%         N/A       36%         3
 Manifold Assault         Tloc           7%         N/A       98%         5

Inventory:

Hand Weapons
 e - a +0 whip
 Y - a +0 vorpal hand axe (weapon)
Armour
 a - a +0 pair of gloves of stealth (worn)
 b - a +0 leather armour (worn)
Potions
 c - a potion of degeneration {unknown}
 d - 2 potions of heal wounds {unknown}

Dungeon Overview and Level Annotations

Branches:
Dungeon (2/15)

Altars:


Message History

Enter note:
Enter note:
Found a stone staircase leading down.
Found 4 stones.
You see here 4 stones.
Found 6 stones.
Enter note:
Found a stone staircase leading down.
Found a sling.
A gnoll comes into view. It is wielding a +0 flail.
The gnoll shouts!
A gnoll comes into view. It is wielding a +0 flail.
A gnoll comes into view. It is wielding a +0 club.
Found a scroll of brand weapon.
The gnoll shouts! x2; You hear a shout!
A gnoll comes into view. It is wielding a +0 club.
The gnoll shouts!
The gnoll closely misses you.
An endoplasm comes into view.
You hit the gnoll. Your kick misses the gnoll.
The gnoll is moderately wounded.
The gnoll hits you with a +0 flail!
You barely miss the gnoll. You peck the gnoll, but do no damage.
The gnoll is moderately wounded.
The gnoll hits you with a +0 flail!
You barely miss the gnoll. Your peck misses the gnoll.
The gnoll is moderately wounded.
The gnoll hits you with a +0 flail.
You hit the gnoll. Your peck misses the gnoll.
The gnoll is severely wounded.
The gnoll barely misses you.
You hit the gnoll.
You kill the gnoll!
Your Axes skill increases to level 4!
You barely miss the gnoll. You claw the gnoll, but do no damage.
The gnoll closely misses you.
You hit the gnoll. You claw the gnoll.
The gnoll is severely wounded.
The gnoll hits you with a +0 club.
You die...

....... ....?.. ... #
....... ... #.# .......
..# #######.## .......
..# #......#.. g......
..#####(..#.# #.#gJ.....
...........## ##@#.....
............###........#
.........>#..#..##.....#
..#####....)....# .....#
..### #.........# #####
.(..# #####.##### ..#.#
#.# ..#.# #.# ..#.# #.#


You could see 2 gnolls and an endoplasm.

Vanquished Creatures
  A gnoll (D:2)
  2 dart slugs (D:1)
  3 bats (D:1)
  2 endoplasms (D:1)
  4 goblins (D:1)
  2 hobgoblins (D:1)
  2 kobolds (D:1)
  2 quokkas (D:1)
  A ball python (D:1)
  3 frilled lizards (D:1)
22 creatures vanquished.

Notes
Turn   | Place    | Note
-------+----------+-------------------------------------------
     0 | D:1      | qw the Tengu Warper began the quest for the Orb.
     0 | D:1      | Reached XP level 1. HP: 12/12 MP: 4/4
     0 | D:1      | 0 ||| qw: Version: 0.1-a-89-g26bdef1
     0 | D:1      | 0 ||| qw: Game counter: 1970
     0 | D:1      | 0 ||| qw: Always use a shield: true
     0 | D:1      | 0 ||| qw: God list: Okawaru
     0 | D:1      | 0 ||| qw: Allow faded altars: false
     0 | D:1      | 0 ||| qw: Do Orc after D:15 true
     0 | D:1      | 0 ||| qw: Do second Lair branch before Depths: true
     0 | D:1      | 0 ||| qw: Lair rune preference: random
     0 | D:1      | 0 ||| qw: Plans: Normal
     0 | D:1      | 0 ||| PLANNING D:1-11
   215 | D:1      | Reached XP level 2. HP: 13/17 MP: 6/6
   287 | D:1      | Reached skill level 3 in Axes
   329 | D:1      | 329 ||| Stepping ~*~*~tactically~*~*~ (stealth).
   331 | D:1      | 331 ||| Stepping ~*~*~tactically~*~*~ (stealth).
   333 | D:1      | 333 ||| Stepping ~*~*~tactically~*~*~ (stealth).
   686 | D:1      | 686 ||| Stepping ~*~*~tactically~*~*~ (stealth).
   729 | D:1      | 729 ||| Stepping ~*~*~tactically~*~*~ (stealth).
   737 | D:1      | Reached XP level 3. HP: 19/21 MP: 7/7
   737 | D:1      | 737 ||| Stepping ~*~*~tactically~*~*~ (stealth).
   741 | D:1      | 741 ||| Stepping ~*~*~tactically~*~*~ (stealth).
   742 | D:1      | 742 ||| Stepping ~*~*~tactically~*~*~ (stealth).
   960 | D:1      | 960 ||| READING scroll labelled SAIHO AFUROIFOPS.
   960 | D:1      | Identified a scroll of acquirement
   960 | D:1      | 960 ||| ACQUIRING +0 pair of gloves of stealth
   960 | D:1      | Acquired a +0 pair of gloves of stealth
   962 | D:1      | 962 ||| UPGRADING to +0 pair of gloves of stealth.
   967 | D:1      | 967 ||| READING scroll labelled TIERODAASEO.
   968 | D:1      | 968 ||| READING scroll labelled GUOCKET DOLIAN.
   969 | D:1      | 969 ||| READING scroll labelled JIWU DIXTABU.
   970 | D:1      | 970 ||| DROPPING scroll of blinking.
   971 | D:1      | 971 ||| Stepping randomly (stuck).
   972 | D:1      | 972 ||| Stepping ~*~*~tactically~*~*~ (cloud).
   976 | D:1      | HP: 5/21 [poisoned by you (poison gas)]
   979 | D:1      | HP: 2/21 [poisoned by you (poison gas)]
  1375 | D:2      | HP: 5/21 [gnoll/+0 flail (7)]
  1376 | D:2      | HP: 1/21 [gnoll/+0 flail (4)]
  1379 | D:2      | Reached skill level 4 in Axes
  1380 | D:2      | Slain by a gnoll

Levels and vault maps discovered:
D:1:      lightli_arrival_statue_moat, layout_loops_ring
D:2:      layout_loops_cross, minmay_pentomino_t4, uniq_natasha

Skill      XL: |  1  2  3 |
---------------+----------+-----
Axes           | 3 4 |  4.1
Fighting       | |  2.0
Throwing       | |  1.0
Armour         | |  1.1
Dodging        | |  2.1
Spellcasting   | |  2.0
Translocations | |  2.4

Action                   || total
-------------------------++-------
Melee: Hand axe          ||    43
       Kick              ||     8
       Peck              ||     5
Throw: Boomerang         ||     7
  Use: Scroll            ||     4
Armor: Leather armour    ||    10
Dodge: Dodged            ||    23

Table legend:
 A = Non-vault XP
 B = Vault XP
 C = Vault XP percentage of total XP
 D = Non-vault monster count
 E = Vault monster count
 F = Vault count percentage of total count
                 A         B        C        D         E       F
            +---------+---------+-------+---------+---------+-------
      Total |      55 |       0 |   0.0 |      22 |       0 |   0.0
            +---------+---------+-------+---------+---------+-------
        D:1 |      40 |       0 |   0.0 |      21 |       0 |   0.0
        D:2 |      15 |       0 |   0.0 |       1 |       0 |   0.0
            +---------+---------+-------+---------+---------+-------
